 Dungeon Crawl Stone Soup version 0.26-a0-1176-g060ceda6a5 (webtiles) character file.

Game seed: 15936825698624333494

1132 raph the Spear-Bearer (level 8, -11/61 HPs)
             Began as a Merfolk Gladiator on Dec 24, 2020.
             Mangled by an ogre
             ... wielding a +0 giant club
              (16 damage)
             ... on level 6 of the Dungeon.
             The game lasted 00:11:17 (7136 turns).

raph the Spear-Bearer (Merfolk Gladiator)           Turns: 7136, Time: 00:11:17

Health: -11/61     AC:  7    Str: 14    XL:     8   Next: 36%
Magic:  8/8        EV: 14    Int:  7    God:
Gold:   280        SH:  6    Dex: 18    Spells: 5/7 levels left

rFire    . . .     SeeInvis .   a - +2 trident
rCold    . . .     Faith    .   u - +1 buckler
rNeg     . . .     Spirit   .   b - +0 leather armour
rPois    .         Reflect  .   c - +0 helmet
rElec    .         Harm     .   (no cloak)
rCorr    .         Rampage  .   o - +0 pair of gloves
Will     +....                  n - +1 pair of boots
Stlth    ++........             (no amulet)
HPRegen  0.20/turn              g - ring of stealth
MPRegen  0.11/turn              f - ring of willpower

@: no status effects
A: change form in water, swift swim, stealthy swim
a: no special abilities


You were on level 6 of the Dungeon.
You visited 1 branch of the dungeon, and saw 6 of its levels.

You collected 280 gold pieces.

Inventory:

Hand Weapons
 a - a +2 trident (weapon)
Missiles
 d - 2 throwing nets
 t - 20 poisoned darts (quivered)
Armour
 b - a +0 leather armour (worn)
 c - a +0 helmet (worn)
 n - a +1 pair of boots (worn)
 o - a +0 pair of gloves (worn)
 u - a +1 buckler (worn)
Magical Staves
 B - an uncursed staff of poison
Jewellery
 f - a ring of willpower (right hand)
 g - a ring of stealth (left hand)
 j - an uncursed ring of protection from cold
Wands
 q - a wand of enslavement (5)
 v - a wand of paralysis (4)
 w - a wand of flame (11)
Scrolls
 e - 2 scrolls of fog
 i - a scroll of teleportation
 p - 2 scrolls of immolation
 y - 2 scrolls of amnesia
 C - a scroll of identify
Potions
 h - a potion of haste
 k - a potion of lignification
 l - a potion of berserk rage
 m - 3 potions of degeneration
 r - 3 potions of flight
 s - 3 potions of curing {unknown}
 x - a potion of might {unknown}
 z - 2 potions of invisibility {unknown}
 A - a potion of attraction


   Skills:
 - Level 4.7 Fighting
 * Level 10.5 Polearms
 - Level 2.0 Throwing
 - Level 4.0 Dodging
 + Level 2.7 Shields
 - Level 4.2 Hexes
 + Level 0.8 Necromancy


You had 5 spell levels left.
You knew the following spells:

 Your Spells              Type           Power        Failure   Level
a - Corona                Hex            5%           12%         1
b - Animate Skeleton      Necr           2%           43%         1

Your spell library contained the following spells:

 Spells                   Type           Power        Failure   Level
 Apportation              Tloc           0%           56%         1
 Summon Small Mammal      Summ           0%           56%         1


Dungeon Overview and Level Annotations

Branches:
Dungeon (6/15)
 Temple: D:4-7

Altars:
Kikubaaqudgha
Vehumet
Beogh

Shops:
D:4 *

Annotations:
D:5 3 runed translucent doors, night's ghost, weakling DsDe


Message History

Aim: an ogre, wielding a +0 giant club (lightly wounded, very poisoned, softly glowing)
You reach to attack!
You hit the ogre but do no damage.
The ogre is lightly wounded.
Reach: a) +2 trident
Press: ? - help, Dir - move target, f/p - ogre
Aim: an ogre, wielding a +0 giant club (moderately wounded, very poisoned, softly glowing)
You hit the ogre.
The ogre is moderately wounded.
The ogre hits you with a +0 giant club!!
The ogre stops glowing.
You puncture the ogre!
The ogre is almost dead.
The ogre hits you with a +0 giant club!!
* * * LOW HITPOINT WARNING * * *
You barely miss the ogre.
The ogre is almost dead.
You barely miss the ogre.
The ogre is almost dead.
The ogre hits you with a +0 giant club!
You die...

### ####### #<#
#(#.#.#
#.#####.#.#.########
#>......#..(........
#.#####.#.#.........
#######.#@....#
..........O.#.#
########....#.######
................(..
#######....#........
...........#.....#..
####.....###.....#
#.............#
.((.....#####+##


You could see an ogre.

Vanquished Creatures
  Menkaure (D:5)
  A centaur (D:3)
  2 bullfrogs
  A water moccasin skeleton (D:4)
  2 scorpions
  3 hounds
  A bullfrog skeleton (D:4)
  A bullfrog zombie (D:5)
  Jessica (D:3)
  6 worker ants
  An orc wizard (D:4)
  A hound skeleton (D:4)
  Robin (D:3)
  12 adders
  3 gnolls (D:4)
  A shadow imp (D:5)
  A white imp (D:6)
  An ooze (D:2)
  A worm (D:4)
  2 adder skeletons
  5 dart slugs
  4 leopard geckos
  10 orcs
  3 ball pythons
  5 giant cockroaches
  15 goblins
  11 hobgoblins
  9 jackals
  6 kobolds
  3 quokkas
  7 bats
  4 frilled lizards
  A leopard gecko skeleton (D:4)
  7 rats
133 creatures vanquished.

Notes
Turn   | Place    | Note
-------+----------+-------------------------------------------
     0 | D:1      | raph the Merfolk Gladiator began the quest for the Orb.
     0 | D:1      | Reached XP level 1. HP: 16/16 MP: 1/1
   125 | D:1      | Reached XP level 2. HP: 9/23 MP: 2/2
   579 | D:1      | Reached skill level 5 in Polearms
   855 | D:1      | Reached XP level 3. HP: 29/29 MP: 3/3
  1092 | D:1      | Found a radiant altar of Vehumet.
  1766 | D:2      | Reached XP level 4. HP: 31/35 MP: 4/4
  2021 | D:2      | Learned a level 1 spell: Corona
  2068 | D:2      | Reached skill level 6 in Polearms
  2547 | D:3      | Noticed Jessica
  2552 | D:3      | Reached skill level 1 in Hexes
  2553 | D:3      | Reached XP level 5. HP: 40/42 MP: 5/5
  2561 | D:3      | Killed Jessica
  2809 | D:3      | Learned a level 1 spell: Animate Skeleton
  2917 | D:3      | Noticed a centaur
  2932 | D:3      | Killed a centaur
  2933 | D:3      | Reached XP level 6. HP: 24/49 MP: 6/6
  3152 | D:3      | Reached skill level 7 in Polearms
  3167 | D:3      | Noticed Robin
  3177 | D:3      | Killed Robin
  3915 | D:4      | Reached skill level 8 in Polearms
  4406 | D:4      | Found Ijaewid's General Store.
  4560 | D:4      | Reached XP level 7. HP: 47/55 MP: 7/7
  4900 | D:4      | Reached skill level 9 in Polearms
  4910 | D:4      | Reached skill level 1 in Shields
  5422 | D:5      | Entered Level 5 of the Dungeon
  5650 | D:5      | Found an ancient bone altar of Kikubaaqudgha.
  5883 | D:5      | Noticed Menkaure
  5890 | D:5      | Killed Menkaure
  5891 | D:5      | Reached XP level 8. HP: 52/61 MP: 8/8
  6026 | D:5      | Reached skill level 10 in Polearms
  6093 | D:5      | Identified the +2 ring mail of Sin {Harm rPois Str-4}
  6095 | D:5      | Found a runed translucent gate.
  6095 | D:5      | Found a runed translucent gate.
  6095 | D:5      | Found a runed translucent gate.
  6095 | D:5      | Noticed night's ghost (weakling DsDe)
  6986 | D:5      | Found a roughly hewn altar of Beogh.
  7136 | D:6      | Mangled by an ogre

Illustrated notes

Levels and vault maps discovered:
D:1:      enne_arrival_octagon_isle, layout_basic, kennysheep_flooded_box
D:2:      layout_loops_corners, kennysheep_generic_room_9
D:3:      layout_basic, minmay_bisected, uniq_robin, uniq_jessica
D:4:      layout_loops_corners, serial_shops, shop
D:5:      layout_layer_cave, lemuel_doored_altar, biasface_ghost_orc_armoury,
          corexii_corridor_pit, uniq_menkaure
D:6:      minmay_bubble_buster, layout_basic, minmay_temple_entry_mist,
          uniq_sigmund

Skill      XL: |  1  2  3  4  5  6  7  8 |
---------------+-------------------------+-----
Polearms       | 5 6 8 9 10 | 10.5
Fighting       | 3 4 |  4.7
Hexes          | 1 2 3 4 |  4.2
Shields        | 2 |  2.7
Throwing       | |  2.0
Dodging        | |  4.0
Necromancy     | |  0.8

Action                   |  1- 3 |  4- 6 |  7- 9 || total
-------------------------+-------+-------+-------++-------
Melee: Trident           |   114 |   221 |   182 ||   517
Throw: Dart              |       |     6 |     7 ||    13
       Throwing net      |       |     1 |       ||     1
 Cast: Corona            |       |       |    10 ||    10
Evoke: Wand              |       |       |     5 ||     5
  Use: Scroll            |       |     9 |     7 ||    16
 Stab: Sleeping          |    11 |     7 |     3 ||    21
       Distracted        |       |     2 |       ||     2
Armor: Leather armour    |    26 |    48 |    30 ||   104
Dodge: Dodged            |    57 |   125 |    77 ||   259
Block: Buckler           |       |       |    22 ||    22

Table legend: (Time is in decaauts)
 A = Elapsed time spent in this place.
 B = Non-inter-level travel time spent in this place.
 C = Inter-level travel time spent in this place.
 D = Time resting spent in this place.
 E = Time spent auto-exploring this place.
 F = Levels seen in this place.
 G = Mean time per level.
                   A        B        C        D        E       F      G
               +--------+--------+--------+--------+--------+-----+--------+
         Total |   7098 |   6942 |    156 |   2380 |   3390 |   6 | 1183.0 |
       Dungeon |   7098 |   6942 |    156 |   2380 |   3390 |   6 | 1183.0 |
               +--------+--------+--------+--------+--------+-----+--------+

Top non-repeatable levels by time:
     D:5: 1625 daAuts
     D:3: 1572 daAuts
     D:2: 1330 daAuts
     D:4: 1320 daAuts
     D:1: 1180 daAuts
     D:6: 69 daAuts
